 Dungeon Crawl Stone Soup version 0.22-a0-422-g9628fc8 (webtiles) character file.

613686 shitimlost the Conqueror (level 27, -7/273 HPs)
             Began as a Hill Orc Gladiator on May 19, 2018.
             Was an Elder of Beogh.
             Killed from afar by an orb of fire (36 damage)
             ... with a fireball
             ... on level 5 of the Realm of Zot on May 20, 2018.
             The game lasted 06:06:05 (127386 turns).

shitimlost the Conqueror (Hill Orc Gladiator)     Turns: 127386, Time: 06:06:06

Health: -7/273     AC: 49    Str: 29    XL:     27
Magic:  32/39      EV: 12    Int:  8    God:    Beogh [****..]
Gold:   2040       SH:  0    Dex: 14    Spells: 26/26 levels left

rFire    + . .     SeeInvis +   F - +9 executioner's axe (drain)
rCold    + + .     Gourm    .   (shield currently unavailable)
rNeg     . . .     Faith    +   e - +8 crystal plate armour
rPois    +         Spirit   .   Q - +2 hat {MR+}
rElec    .         Reflect  .   j - scarf {repulsion}
rCorr    .         Harm     .   u - +0 pair of gloves {Str+3}
MR       ++++.                  f - +0 pair of boots of the Big Bang {rC+}
Stlth    ..........             c - amulet of faith
HPRegen  0.55/turn              g - ring of protection from fire
MPRegen  0.26/turn              l - ring "Vomp" {*Drain rPois MR+ AC+6}

@: hasted, drained, repel missiles, very quick
A: fangs 1, iridescent scales 1, yellow scales 1, see invisible, cold resistance
1, weak 1
}: 3/15 runes: decaying, serpentine, silver
a: Smiting, Recall Orcish Followers, Renounce Religion


You were on level 5 of the Realm of Zot.
You worshipped Beogh.
Beogh was greatly pleased with you.
You were not hungry.

You visited 10 branches of the dungeon, and saw 52 of its levels.
You visited 1 bazaar.
You visited 1 ziggurat, and saw 9 of its levels.
You also visited: Labyrinth, Sewer and Ossuary.

You collected 7805 gold pieces.
You spent 5765 gold pieces at shops.

Inventory:

Hand Weapons
 v - the +3 sling "Punk" {acid, rCorr}
   (You acquired it on level 1 of the Swamp)

   It protects you from acid and corrosion.
 x - a +7 battleaxe of draining
 F - a +9 executioner's axe of draining (weapon)
Missiles
 t - 208 sling bullets
 B - 26 javelins of penetration (quivered)
Armour
 e - a +8 crystal plate armour (worn)
 f - the +0 pair of boots of the Big Bang (worn) {rC+}
   (You found it on level 4 of the Depths)

   It protects you from cold.
 j - a scarf of repulsion (worn)
 u - a +0 pair of gloves of strength (worn)
 C - a +0 helmet of see invisible
 Q - a +2 hat of magic resistance (worn)
Jewellery
 a - a +5 ring of strength
 b - an uncursed ring of resist corrosion
 c - an amulet of faith (around neck)
 g - a ring of protection from fire (left hand)
 i - a +5 ring of dexterity
 l - the ring "Vomp" (right hand) {*Drain rPois MR+ AC+6}
   (You found it on level 8 of a ziggurat)

   [ring of protection]

   It affects your AC (+6).
   It protects you from poison.
   It affects your resistance to hostile enchantments.
   It causes draining when unequipped.
 O - an uncursed ring of protection from magic
 U - an uncursed ring of protection from cold
 V - an uncursed ring of poison resistance
Wands
 m - a wand of iceblast (30)
 n - a wand of polymorph (7)
 E - a wand of disintegration (50)
 I - a wand of digging (20)
 M - a wand of acid (19)
 R - a wand of paralysis (87)
Scrolls
 o - 3 scrolls of holy word
 q - 13 scrolls of fear
 r - 28 scrolls of remove curse
 z - a scroll of immolation
 A - 2 scrolls of summoning
 H - 2 scrolls of fog
 K - 10 scrolls of teleportation
 P - 18 scrolls of identify
 X - a scroll of magic mapping
 Y - 2 scrolls of blinking
Potions
 d - a potion of might
 h - 8 potions of curing
 p - 2 potions of ambrosia
 G - 3 potions of cancellation
 J - 2 potions of agility
 S - 4 potions of resistance
 W - 3 potions of haste
 Z - a potion of invisibility
Miscellaneous
 s - a phial of floods
 w - a lamp of fire
 y - 2 phantom mirrors
 N - a box of beasts
 T - a lightning rod (4/4)
Comestibles
 D - 11 rations


   Skills:
 O Level 27(26.9) Fighting
 - Level 26.0(25.9) Axes
 - Level 15.1(15.3) Slings
 - Level 4.1(10.9) Throwing
 - Level 19.1(19.0) Armour
 + Level 11.1 Dodging
 - Level 8.4(8.3) Unarmed Combat
 + Level 24.6 Invocations
 - Level 14.4 Evocations


You had 26 spell levels left.
You didn't know any spells.
Your spell library contained the following spells:

 Spells                   Type           Power        Failure   Level  Hunger
 Cause Fear               Hex            #.........   100%        4    #####..
 Fireball                 Conj/Fire      #.........   100%        5    ######.
 Apportation              Tloc           #.....       99%         1    ##.....
 Conjure Flame            Conj/Fire      #.......     100%        3    ####...
 Lightning Bolt           Conj/Air       #.........   100%        5    ######.
 Bolt of Magma            Conj/Fire/Erth #.........   100%        5    ######.
 Confuse                  Hex            #.......     100%        3    ####...
 Throw Flame              Conj/Fire      #.....       100%        2    ###....
 Throw Frost              Conj/Ice       #.....       100%        2    ###....
 Controlled Blink         Tloc           N/A          100%        8    #######
 Freezing Cloud           Conj/Ice/Air   #.........   100%        6    #######
 Mephitic Cloud           Conj/Pois/Air  #.......     100%        3    ####...
 Ring of Flames           Chrm/Fire      #.........   100%        7    #######
 Venom Bolt               Conj/Pois      #.........   100%        5    ######.
 Olgreb's Toxic Radiance  Pois           #.......     100%        4    #####..
 Death's Door             Chrm/Necr      #.........   100%        8    #######
 Summon Small Mammal      Summ           #...         99%         1    ##.....
 Bolt of Draining         Conj/Necr      #.........   100%        5    ######.
 Animate Dead             Necr           N/A          100%        4    #####..
 Animate Skeleton         Necr           N/A          99%         1    ##.....
 Vampiric Draining        Necr           #.........   100%        3    ####...
 Freeze                   Ice            #...         99%         1    ##.....
 Sticky Flame             Conj/Fire      #.......     100%        4    #####..
 Summon Ice Beast         Ice/Summ       #.......     100%        4    #####..
 Ozocubu's Armour         Chrm/Ice       #.......     100%        3    ####...
 Call Imp                 Summ           #.......     100%        2    ###....
 Regeneration             Chrm/Necr      #.........   100%        3    ####...
 Sting                    Conj/Pois      #...         99%         1    ##.....
 Tukima's Dance           Hex            #.......     100%        3    ####...
 Corpse Rot               Necr           N/A          100%        2    ###....
 Iron Shot                Conj/Erth      #.........   100%        6    #######
 Stone Arrow              Conj/Erth      #.....       100%        3    ####...
 Shock                    Conj/Air       #...         99%         1    ##.....
 Swiftness                Chrm/Air       #.......     100%        2    ###....
 Recall                   Summ/Tloc      N/A          100%        3    ####...
 Agony                    Necr           #.......     100%        5    ######.
 Spider Form              Tmut/Pois      #.........   100%        3    ####...
 Blade Hands              Tmut           #.........   100%        5    ######.
 Statue Form              Tmut/Erth      #........    100%        6    #######
 Ice Form                 Ice/Tmut       #.......     100%        4    #####..
 Death Channel            Necr           #.........   100%        6    #######
 Deflect Missiles         Chrm/Air       #.........   100%        6    #######
 Throw Icicle             Conj/Ice       #.......     100%        4    #####..
 Airstrike                Air            #.........   100%        4    #####..
 Confusing Touch          Hex            #.....       99%         1    ##.....
 Flame Tongue             Conj/Fire      #....        99%         1    ##.....
 Passwall                 Tmut/Erth      #.........   100%        2    ###....
 Ignite Poison            Fire/Tmut/Pois #.......     100%        3    ####...
 Sticks to Snakes         Tmut           #.......     100%        2    ###....
 Call Canine Familiar     Summ           #.......     100%        3    ####...
 Ensorcelled Hibernation  Hex/Ice        #.....       100%        2    ###....
 Metabolic Englaciation   Hex/Ice        #.........   100%        5    ######.
 Summon Butterflies       Summ           #.......     99%         1    ##.....
 Silence                  Hex/Air        #.........   100%        5    ######.
 Shatter                  Erth           #.........   100%        9    #######
 Dispersal                Tloc           #.........   100%        6    #######
 Static Discharge         Conj/Air       #.......     100%        3    ####...
 Corona                   Hex            #......      99%         1    ##.....
 Alistair's Intoxication  Tmut/Pois      #.......     100%        5    ######.
 Lee's Rapid Deconstruct  Erth           #.........   100%        5    ######.
 Sandblast                Erth           #.....       99%         1    ##.....
 Simulacrum               Ice/Necr       #.........   100%        6    #######
 Conjure Ball Lightning   Conj/Air       #.........   100%        6    #######
 Excruciating Wounds      Chrm/Necr      #.........   100%        5    ######.
 Portal Projectile        Hex/Tloc       #.....       100%        3    ####...
 Petrify                  Tmut/Erth      #.......     100%        4    #####..
 Orb of Destruction       Conj           #.........   100%        7    #######
 Malign Gateway           Summ/Tloc      #.........   100%        7    #######
 Tornado                  Air            #.........   100%        9    #######
 Leda's Liquefaction      Hex/Erth       #.........   100%        4    #####..
 Summon Hydra             Summ           #.........   100%        7    #######
 Shroud of Golubria       Chrm/Tloc      #.........   100%        2    ###....
 Inner Flame              Hex/Fire       #.......     100%        3    ####...
 Beastly Appendage        Tmut           #.....       99%         1    ##.....
 Disjunction              Tloc           #.........   100%        8    #######
 Iskenderun's Battlesphe  Conj/Chrm      #.......     100%        5    ######.
 Dazzling Spray           Conj/Hex       #.....       100%        3    ####...
 Force Lance              Conj/Tloc      #.......     100%        4    #####..
 Infusion                 Chrm           #...         99%         1    ##.....
 Song of Slaying          Chrm           #.......     100%        2    ###....
 Spectral Weapon          Hex/Chrm       #.......     100%        3    ####...
 Discord                  Hex            #.........   100%        8    #######
 Summon Forest            Summ/Tloc      #.........   100%        5    ######.
 Summon Lightning Spire   Summ/Air       #.......     100%        4    #####..
 Summon Guardian Golem    Hex/Summ       #.......     100%        3    ####...
 Spellforged Servitor     Conj/Summ      #.........   100%        7    #######
 Hydra Form               Tmut           #.........   100%        6    #######
 Gell's Gravitas          Tloc           #.........   100%        3    ####...
 Yara's Violent Unravell  Hex/Tmut       #.........   100%        5    ######.
 Poisonous Vapours        Pois/Air       #.....       100%        2    ###....
 Borgnjor's Vile Clutch   Necr/Erth      #.........   100%        5    ######.


Dungeon Overview and Level Annotations

Branches:
Dungeon (15/15)            Temple (0/1) D:5            Lair (6/6) D:9
  Swamp (4/4) Lair:3        Snake (4/4) Lair:2        Slime (0/5) Lair:6
    Orc (2/2) D:11            Elf (3/3) Orc:2        Vaults (5/5) D:13
  Crypt (3/3) Vaults:3       Tomb (0/3) Crypt:3      Depths (5/5) D:15
    Zot (5/5) Depths:5

Altars:
Ashenzari
Fedhas
Kikubaaqudgha
Makhleb
Okawaru
Trog
Xom
Yredelemnul
Zin
Beogh

Shops:
D:7 ?   D:8 *   D:13 [   D:14 *   Orc:2 :[}?   Elf:2 }   Snake:3 [
Vaults:5 (*[=   Depths:1 ==}   Depths:2 *

Portals:
Hell: Depths:1 Depths:2 Depths:3 Depths:4 Depths:5
Abyss: Depths:1 Depths:4 Depths:5
Pandemonium: Depths:1 Depths:3 Depths:4
Trove: Depths:3 (show abyssal rune of Zot)

Annotations:
D:7 Joseph
Zot:3 3 transporters


Innate Abilities, Weirdness & Mutations

You have very sharp teeth.
You are partially covered in iridescent scales. (AC +2)
You are partially covered in yellow scales. (AC +2)
You have supernaturally acute eyesight. (SInv)
Your flesh is cold resistant. (rC+)
You are weak. (Str -2)


Message History

Evoke which item? (* to show all) (? for menu, Esc to quit)
Aiming: Paralyse
Press: ? - help, Shift-Dir - straight line, f - you, p - orb of fire
Okay, then.
You miss the orb of fire.
The orb of fire is heavily damaged.
The orb of fire glows yellow.
Strange energies course through your body.
You feel weaker.
You feel yourself speed up.
A quicksilver dragon comes into view.
You completely miss the orb of fire. You bite the orb of fire.
The orb of fire is heavily damaged.
You hit the orb of fire but do no damage.
The orb of fire is heavily damaged.
You miss the orb of fire.
The orb of fire is heavily damaged.
The orb of fire glows bright magenta.
The fireball explodes!
The fireball engulfs you! You resist.
You die...

,,,,,,*##...............##*,,....
,,,,,,* ##.............## *,,...(
,,,,,,* #.............# *,,....
,,,,,,* ##...........## *,,....
,,,,,,* #(..........# *,,....
,,,,,,* ##...........## *,,,,,,
,,,,,** #.............# **,,,,,
,,,,** *#.............#* **,,,,
,,,** #.......@.......# **,,,
**** ########*######## **** #.#
#.# #D# #.######## ##........#
######.........# #..<......)....#


You could see an orb of fire and a quicksilver dragon.

Vanquished Creatures
  2 orbs of fire
  Mara (Vaults:5)
  8 ancient liches
  A juggernaut (Depths:3)
  A greater mummy (Crypt:3)
  2 shard shrikes (Zig:7)
  A caustic shrike (Zig:8)
  2 curse toes
  Vashnia (Snake:4)
  5 golden dragons
  A bone dragon (Swamp:4)
  3 electric golems
  A hellephant (Zig:8)
  13 tentacled monstrosities
  3 liches
  Rupert (D:13)
  4 titans
  3 deep elf blademasters
  7 Orb Guardians (Zot:5)
  2 deep elf master archers (Elf:3)
  4 acid blobs
  Gastronok (Lair:1)
  4 quicksilver dragons
  The ghost of CanOfBees the Gargoyle Catastrophe, an adept GrFi of Qazlal (Vaults:2)
  3 ancient champions
  6 death cobs
  Frances (Swamp:1)
  Kirke (Snake:2)
  4 sphinxes
  A thorn hunter (Swamp:3)
  6 tengu reavers
  8 shadow dragons
  Roxanne (Swamp:3)
  2 nagarajas (Snake:4)
  2 draconian monks
  13 storm dragons
  6 revenants
  3 draconian knights
  7 fire giants
  16 frost giants
  2 iron dragons (Depths:4)
  2 draconian scorchers
  10 deep elf sorcerers
  2 deep elf elementalists
  A ghoul (Zig:4)
  3 ghost moths (Zot:3)
  11 vault wardens
  3 curse skulls
  5 draconian annihilators
  A draconian shifter (Zot:2)
  3 reapers
  10 ironheart preservers
  21 very ugly things
  11 stone giants
  5 green draconians
  12 vampire knights
  An entropy weaver (Vaults:1)
  2 black draconians
  Nessos (Lair:4)
  9 deep elf demonologists
  5 white draconians
  4 deep elf annihilators
  A minotaur (Lab)
  4 red draconians
  19 ettins
  3 spark wasps (Depths:5)
  6 eidola
  3 merfolk javelineers
  9 yellow draconians
  5 purple draconians
  A blizzard demon (Zig:7)
  9 deep elf death magi
  5 mummy priests
  17 yaktaur captains
  6 deep elf high priests
  9 fire dragons
  The ghost of Getoffmy the Cleaver, a journeyman MiFi of Okawaru (D:11)
  5 jiangshi
  9 great orbs of eyes
  27 vault guards
  The ghost of grandjackal the Fighter, a journeyman DsGl of Kikubaaqudgha (D:11)
  2 rakshasas
  The ghost of arthad the Blocker, a journeyman GnFi of Cheibriados (D:11)
  A monstrous demonspawn (Depths:4)
  12 hydras
  3 naga warriors
  A catoblepas (D:13)
  9 ice dragons
  A quicksilver dragon skeleton (Crypt:3)
  A ghost crab (Swamp:4)
  A spriggan air mage (Depths:5)
  4 death knights
  32 two-headed ogres
  8 alligators
  A merfolk avatar (Zig:9)
  5 anacondas
  9 centaur warriors
  4 death yaks
  16 dancing weapons
  A satyr (Zig:9)
  9 deep troll shamans
  8 ogre magi
  3 orc high priests (Orc:2)
  2 tengu warriors
  2 deep troll earth magi
  2 sun demons (Depths:4)
  2 shock serpents
  5 spriggan berserkers
  3 soul eaters
  15 deep elf knights
  8 vampire magi
  6 hell knights (Depths:3)
  12 naga sharpshooters
  2 small abominations (Elf:3)
  A titan skeleton (Crypt:1)
  The ghost of FangTR18 the Earth Mage, a novice GrEE of Sif Muna (D:10)
  3 sea snakes
  A sixfirhy (Depths:3)
  A storm dragon skeleton (Crypt:1)
  3 unseen horrors
  3 shadow wraiths (Crypt:2)
  13 deep trolls
  An anaconda zombie (Crypt:1)
  6 flayed ghosts
  12 skeletal warriors
  An iron troll (Depths:4)
  3 obsidian statues
  An infernal demonspawn (Depths:4)
  5 naga ritualists
  An iron giant skeleton (Crypt:2)
  12 deep elf archers
  5 necromancers
  10 wizards
  A glowing orange brain (Depths:1)
  2 swamp dragons
  Pikel (D:6)
  13 harpies
  12 ironbrand convokers
  4 orc knights
  12 phantasmal warriors
  A mana viper (Snake:3)
  A wolf spider zombie (Crypt:3)
  5 oklob plants
  3 wolf spiders
  41 ugly things
  A shadow dragon skeleton (Crypt:1)
  A faun (Zig:9)
  2 orc sorcerers
  43 deep elf magi
  A cyclops (shapeshifter) (Vaults:4)
  A wolf spider (shapeshifter) (Elf:1)
  4 salamanders
  7 cyclopes
  A manticore (Zig:9)
  4 elephants
  An iron dragon skeleton (Crypt:1)
  10 black mambas
  3 centaur zombies
  9 vault sentinels
  5 water nymphs (Zig:9)
  Maurice (D:8)
  A merfolk siren (Zig:9)
  15 naga magi
  18 moths of wrath
  5 rust devils
  3 orange demons
  A smoke demon (Depths:3)
  A dire elephant skeleton (Crypt:1)
  An eye of devastation (Zig:5)
  A grey draconian zombie (Crypt:1)
  19 spiny frogs
  40 yaktaurs
  2 hellions
  A purple draconian zombie (Crypt:3)
  An efreet (D:15)
  A rime drake (Lair:3)
  A swamp worm zombie (Swamp:4)
  A komodo dragon (shapeshifter) (Vaults:5)
  7 komodo dragons
  An anaconda simulacrum (Crypt:3)
  26 guardian mummies
  8 ice devils
  5 freezing wraiths
  A death drake zombie (Crypt:3)
  3 red devils
  2 hellwings (Depths:4)
  4 polar bears
  2 iron troll skeletons (Crypt:1)
  7 tyrant leeches
  A tengu conjurer (Depths:2)
  7 trolls
  Grinder (D:4)
  A merfolk (shapeshifter) (Depths:1)
  2 meliai (D:14)
  2 queen bees (shapeshifter)
  26 slime creatures
  3 merfolk (Zig:9)
  A tengu simulacrum (Zig:7)
  A raiju (shapeshifter) (Depths:4)
  6 hornets
  2 dream sheep (shapeshifter)
  2 hydra zombies (Swamp:4)
  13 bog bodies
  An ettin zombie (Crypt:1)
  7 blink frogs
  2 snapping turtles
  A meliai zombie (Crypt:2)
  5 dream sheep (Lair:6)
  4 spectral swamp dragons (Swamp:4)
  7 hippogriffs
  2 spriggan zombies
  5 alligator zombies (Swamp:4)
  An ice dragon zombie (Crypt:1)
  A flying skull (Crypt:2)
  2 frost giant simulacra
  A shadow (Lab)
  4 air elementals
  Sigmund (D:3)
  3 redbacks
  5 water elementals
  An ettin skeleton (D:15)
  A fire dragon skeleton (Crypt:3)
  3 spriggans (Swamp:4)
  2 ynoxinuls
  4 hogs
  A hog (shapeshifter) (Vaults:2)
  7 wraiths
  A spriggan (shapeshifter) (Vaults:5)
  6 basilisks
  A neqoxec (Depths:3)
  14 humans
  5 ushabtiu (Crypt:3)
  A golden eye (shapeshifter) (Vaults:1)
  4 hungry ghosts
  33 yaks
  Eustachio (D:4)
  2 fire elementals (Elf:1)
  A steam dragon (shapeshifter) (Depths:5)
  Menkaure (Ossuary)
  A yaktaur simulacrum (Vaults:3)
  6 vampire mosquitoes
  A warg (shapeshifter) (Vaults:5)
  28 nagas
  7 wargs
  A water nymph zombie (Crypt:3)
  12 swamp worms
  19 insubstantial wisps
  2 acid dragons
  A hell hound (Snake:2)
  7 water moccasins
  2 porcupines (Lair:2)
  A torturous demonspawn skeleton (Crypt:2)
  4 swamp drakes
  3 sky beasts
  A black bear (D:11)
  6 orc warriors
  9 ice beasts
  A slave (D:6)
  A necrophage (D:9)
  7 phantoms
  5 swamp dragon zombies (Swamp:4)
  2 eyes of draining
  A tengu (shapeshifter) (Depths:3)
  26 ogres
  13 wolves
  10 centaurs
  A dream sheep skeleton (Crypt:3)
  The ghost of oholoko the Cutter, an amateur KoBe of Trog (D:3)
  6 crocodiles
  10 bullfrogs
  6 big kobolds
  A cyclops zombie (Crypt:2)
  A gnoll sergeant (D:5)
  3 scorpions
  A scorpion (shapeshifter) (Depths:3)
  A killer bee (shapeshifter) (Vaults:5)
  A water moccasin skeleton (Crypt:2)
  A troll skeleton (Crypt:1)
  5 killer bees
  17 wights
  A howler monkey (D:11)
  9 electric eels
  7 crimson imps
  A wyvern simulacrum (D:8)
  A bullfrog skeleton (D:6)
  4 bullfrog zombies
  A human zombie (Crypt:1)
  8 hounds
  6 jellies
  5 orc priests
  2 quasits (Depths:4)
  2 centaur skeletons
  A gnoll shaman (D:8)
  7 iron imps
  2 human skeletons (Crypt:1)
  An iguana (D:10)
  14 orc wizards
  3 spectral swamp drakes (Swamp:4)
  2 hell rats (Lair:6)
  6 worker ants
  A felid zombie (Crypt:3)
  A naga skeleton (Crypt:2)
  A tengu skeleton (Crypt:2)
  2 hound zombies (D:5)
  A hound skeleton (D:9)
  14 mummies
  A howler monkey zombie (D:6)
  16 gnolls
  23 adders
  A river rat (Sewer)
  2 shadow imps
  5 white imps
  A howler monkey simulacrum (D:8)
  A worker ant simulacrum (D:8)
  3 ufetubi (D:8)
  8 oozes
  An adder zombie (D:9)
  7 worms
  2 dart slugs
  5 leopard geckos
  29 orcs
  3 ball pythons
  A bat skeleton (Crypt:3)
  5 giant cockroaches
  7 hobgoblins
  9 jackals
  6 quokkas
  A ball python zombie (D:6)
  5 bats
  A frilled lizard (D:3)
  2 gnoll skeletons (Ossuary)
  A gnoll zombie (Ossuary)
  9 goblins
  4 goblin skeletons (Ossuary)
  4 goblin zombies (Ossuary)
  A hobgoblin skeleton (Ossuary)
  3 hobgoblin zombies (Ossuary)
  A jackal skeleton (Crypt:1)
  18 kobolds
  3 kobold skeletons
  A kobold zombie (Ossuary)
  A leopard gecko zombie (D:5)
  4 orc zombies (Ossuary)
  13 rats
  2 rat skeletons (Ossuary)
  4 rat zombies (Ossuary)
  A river rat skeleton (Crypt:1)
  4 crawling corpses (Elf:3)
  2 fungi (Lair:6)
  6 plants
1829 creatures vanquished.

Vanquished Creatures (collateral kills)
  An ancient lich (Vaults:5)
  A juggernaut (Depths:2)
  3 golden dragons
  A bone dragon (Depths:5)
  Jorgrun (Vaults:5)
  An electric golem (Zot:1)
  5 tentacled monstrosities
  2 titans
  3 tengu reavers
  Agnes (Snake:4)
  2 death cobs (Zot:3)
  3 storm dragons
  2 shadow dragons
  Donald (Swamp:1)
  2 revenants
  3 fire giants
  2 draconian scorchers
  2 iron dragons
  6 nagarajas
  A deep elf sorcerer (Elf:1)
  3 frost giants
  A vault warden (Vaults:4)
  Aizul (Snake:4)
  A ghoul (Vaults:3)
  3 draconian shifters
  Louise (Swamp:2)
  A draconian annihilator (Zot:1)
  3 deep elf elementalists
  7 very ugly things
  2 ironheart preservers (Vaults:3)
  2 war gargoyles
  4 stone giants
  3 vampire knights (Crypt:2)
  An entropy weaver (Vaults:2)
  Azrael (Snake:2)
  4 spark wasps
  A black draconian (Depths:5)
  2 deep elf demonologists
  A purple draconian (Zot:3)
  A yellow draconian (Zot:1)
  2 deep elf death magi (Crypt:2)
  An eidolon (Crypt:2)
  The ghost of Terrapin the Grappler, a journeyman DrTm of Okawaru (Lair:2)
  3 ettins
  2 jiangshi (Crypt:3)
  3 mummy priests
  3 fire dragons
  Fannar (Lair:1)
  2 yaktaur captains
  3 ogre magi
  A great orb of eyes (Vaults:5)
  The ghost of jejorda2 the Severer, a journeyman HOFi of Cheibriados (D:11)
  A rakshasa (Depths:4)
  A catoblepas (Lair:6)
  5 hydras
  8 naga warriors
  A hell beast (Depths:4)
  3 centaur warriors
  2 anacondas
  A death knight (Vaults:3)
  5 two-headed ogres
  5 death yaks
  3 alligators
  2 deep troll shamans
  4 deep troll earth magi
  A shock serpent (Snake:2)
  6 naga sharpshooters
  A spriggan berserker (Depths:3)
  8 dancing weapons
  A tengu warrior (Depths:2)
  3 orc high priests (Orc:2)
  2 vampire magi
  2 sun demons
  6 deep elf knights
  5 hell knights (Depths:3)
  A salamander mystic (Snake:1)
  14 skeletal warriors
  An unseen horror (D:14)
  A flayed ghost (Crypt:2)
  6 deep trolls
  6 deep elf archers
  A glowing orange brain (Depths:2)
  An anaconda skeleton (Crypt:3)
  4 naga ritualists
  2 phantasmal warriors (Crypt:2)
  2 wizards
  5 mana vipers
  2 harpies
  23 deep elf magi
  3 ironbrand convokers
  A sphinx zombie (D:15)
  2 orc knights
  A wolf spider (Vaults:3)
  A faun (Zig:9)
  An orc sorcerer (Vaults:4)
  4 moths of wrath
  10 ugly things
  A cyclops (D:14)
  12 elephants
  20 black mambas
  10 naga magi
  3 vault sentinels
  A torpor snail (shapeshifter) (Vaults:4)
  A torpor snail (Lair:6)
  A gargoyle (D:14)
  A green draconian zombie (Crypt:2)
  An orange demon (Depths:3)
  5 spiny frogs
  A yaktaur zombie (D:15)
  4 freezing wraiths
  5 komodo dragons
  A kobold demonologist (D:14)
  A hellwing (Depths:3)
  2 tengu conjurers
  11 guardian mummies (Crypt:3)
  8 yaktaurs
  A meliai (D:14)
  3 tyrant leeches
  A merfolk (Zig:9)
  8 slime creatures
  Prince Ribbit (D:7)
  A wind drake (shapeshifter) (D:14)
  6 dream sheep
  2 alligator zombies
  2 bog bodies
  6 hippogriffs
  7 blink frogs
  A hippogriff (shapeshifter) (Vaults:5)
  4 air elementals
  A wyvern (Lair:4)
  4 flying skulls (Crypt:2)
  A ynoxinul (Depths:3)
  2 redbacks (Vaults:2)
  2 wraiths (Crypt:2)
  12 yaks
  2 water elementals
  An ushabti (Crypt:3)
  3 humans (D:13)
  A basilisk (D:13)
  A yak (shapeshifter) (Elf:2)
  4 fire elementals
  3 hogs (Snake:2)
  3 vampire mosquitoes
  Grum (D:8)
  A neqoxec (Depths:3)
  A wind drake skeleton (Crypt:3)
  4 insubstantial wisps
  3 wargs
  20 nagas
  A swamp worm (Swamp:4)
  7 water moccasins
  3 porcupines
  2 hell hounds (Snake:2)
  A floating eye (Depths:3)
  A meliai simulacrum (D:13)
  A swamp drake (Swamp:3)
  5 orc warriors
  An ice beast (D:14)
  3 sky beasts
  A black bear (Lair:6)
  10 wolves
  A centaur (D:11)
  A lindwurm skeleton (Crypt:2)
  3 crocodiles
  3 bullfrogs
  A wyvern skeleton (D:9)
  2 scorpions
  3 killer bees
  6 wights
  An electric eel (D:9)
  A bullfrog zombie (D:10)
  5 crimson imps
  A jelly (Lair:6)
  A quasit (D:11)
  14 orc priests
  A bullfrog skeleton (D:11)
  2 hounds
  6 orc wizards
  2 iguanas
  2 iron imps (Depths:4)
  A worker ant (D:12)
  2 hell rats (Lair:6)
  3 adders
  A white imp (D:8)
  An ooze (Lair:6)
  An adder skeleton (Crypt:2)
  14 orcs
  A bat zombie (Crypt:2)
  2 jackals (D:8)
  A ball python (Snake:1)
  2 gnoll skeletons (Ossuary)
  2 goblin skeletons (Ossuary)
  A leopard gecko zombie (D:8)
  2 orc skeletons (Ossuary)
  An orc zombie (Ossuary)
  A bush (Lair:6)
  A crawling corpse (Elf:3)
  6 fungi
  5 plants
  3 withered plants
622 creatures vanquished.

Vanquished Creatures (others)
  6 orc warlords
  A tengu reaver (Depths:5)
  A fire giant (Depths:5)
  A draconian knight (Zot:2)
  A red draconian (Zot:3)
  An orc high priest (Elf:1)
  14 orc knights
  4 orc sorcerers
  A deep elf knight (Elf:1)
  A necromancer (Crypt:3)
  6 moths of wrath (Zot:5)
  17 orc warriors
  A komodo dragon (Zig:8)
  11 orc wizards
  A tyrant leech (Swamp:4)
  A slave (D:6)
  A swamp drake (Swamp:4)
  An eye of draining (D:9)
  A howler monkey (D:6)
  27 orc priests
  65 orcs
  2 gnoll zombies (Ossuary)
  2 goblin skeletons (Ossuary)
  A hobgoblin skeleton (Ossuary)
  A hobgoblin zombie (Ossuary)
  3 kobold skeletons (Ossuary)
  2 orc skeletons (Ossuary)
  4 rat zombies (Ossuary)
  3 bushes (Lair:6)
  12 fungi
  31 plants
224 creatures vanquished.

Grand Total: 2675 creatures vanquished

Notes
Turn   | Place    | Note
-------+----------+-------------------------------------------
     0 | D:1      | shitimlost the Hill Orc Gladiator began the quest for the Orb.
     0 | D:1      | Reached XP level 1. HP: 18/18 MP: 1/1
    99 | D:1      | Reached XP level 2. HP: 22/25 MP: 2/2
   215 | D:1      | You fall through a shaft!
   814 | D:2      | Found a bloodstained altar of Trog.
   821 | D:2      | Reached XP level 3. HP: 30/30 MP: 3/3
   928 | D:1      | Reached skill level 3 in Fighting
  1870 | D:2      | Reached XP level 4. HP: 38/38 MP: 4/4
  3174 | D:3      | Noticed oholoko's ghost (amateur KoBe)
  3242 | D:3      | Gained mutation: You have a pair of small horns on your head. [potion of mutation]
  3242 | D:3      | Gained mutation: You occasionally shout uncontrollably at your foes. [potion of mutation]
  3242 | D:3      | Gained mutation: You are partially covered in yellow scales. (AC +2) [potion of mutation]
  4037 | D:3      | Reached skill level 5 in Axes
  4276 | D:3      | Noticed Sigmund
  4301 | D:3      | Killed Sigmund
  4301 | D:3      | Reached skill level 4 in Fighting
  4301 | D:3      | Reached skill level 1 in Armour
  4301 | D:3      | Reached XP level 5. HP: 23/46 MP: 5/5
  4301 | D:3      | Reached XP level 6. HP: 26/52 MP: 6/6
  4910 | D:3      | HP: 1/52 [gnoll/flail (4)]
  5242 | D:3      | Killed oholoko's ghost
  5487 | D:4      | Reached XP level 7. HP: 58/60 MP: 7/7
  5713 | D:4      | Noticed Eustachio
  5793 | D:4      | Killed Eustachio
  5793 | D:4      | Reached skill level 5 in Fighting
  5852 | D:4      | Noticed Grinder
  5869 | D:4      | Killed Grinder
  5869 | D:4      | Reached XP level 8. HP: 54/69 MP: 8/8
  6083 | D:4      | Became a worshipper of Beogh the Brigand
  6461 | D:5      | Entered Level 5 of the Dungeon
  6476 | D:5      | Reached skill level 1 in Slings
  6492 | D:5      | Found a glowing drain.
  6506 | D:4      | Reached skill level 1 in Invocations
  6835 | Sewer    | Entered a sewer
  6888 | Sewer    | Reached * piety under Beogh
  6943 | Sewer    | Reached skill level 6 in Fighting
  7945 | D:5      | Reached XP level 9. HP: 75/77 MP: 11/11
  8016 | D:5      | Found a staircase to the Ecumenical Temple.
  8659 | D:5      | Reached ** piety under Beogh
  8873 | D:6      | Reached skill level 5 in Armour
  9215 | D:6      | Reached skill level 7 in Fighting
  9315 | D:6      | Reached *** piety under Beogh
  9353 | D:6      | Noticed Pikel
  9374 | D:6      | Killed Pikel
  9374 | D:6      | Reached skill level 5 in Invocations
 10066 | D:7      | Reached XP level 10. HP: 88/88 MP: 14/14
 10131 | D:7      | Reached skill level 8 in Fighting
 10903 | D:7      | Found Cufeatat's Magic Scroll Emporium.
 10928 | D:7      | Bought a scroll of remove curse for 33 gold pieces
 10928 | D:7      | Bought a scroll of identify for 22 gold pieces
 10928 | D:7      | Bought 3 scrolls of fog for 66 gold pieces
 11215 | D:7      | Noticed Prince Ribbit
 11224 | D:7      | Killed Prince Ribbit
 11291 | D:7      | Noticed Joseph
 11334 | D:8      | Reached skill level 10 in Axes
 11656 | D:8      | Reached skill level 9 in Fighting
 11734 | D:8      | Found a sand-covered staircase.
 11740 | Ossuary  | Entered an ossuary
 11757 | Ossuary  | Reached **** piety under Beogh
 11964 | Ossuary  | Noticed Menkaure
 11966 | Ossuary  | Killed Menkaure
 12359 | D:8      | Found Nookh's Assorted Antiques.
 12366 | D:8      | Bought a ruby potion for 24 gold pieces
 12366 | D:8      | Bought a shiny iron wand for 108 gold pieces
 12366 | D:8      | Bought a scroll labeled UNWUTIEDEDO for 27 gold pieces
 12366 | D:8      | Bought a scroll of remove curse for 81 gold pieces
 12433 | D:8      | Reached ***** piety under Beogh
 12560 | D:8      | Reached XP level 11. HP: 90/97 MP: 17/17
 12619 | D:8      | Noticed Grum
 12633 | D:8      | Killed Grum
 12749 | D:8      | Noticed Maurice
 12763 | D:8      | Killed Maurice
 12763 | D:8      | Reached skill level 10 in Fighting
 13143 | D:9      | Found a glowing silver altar of Zin.
 13199 | D:9      | Found a bloodstained altar of Trog.
 14241 | D:9      | Found a burning altar of Makhleb.
 14381 | D:9      | Found a staircase to the Lair.
 14504 | Lair:1   | Entered Level 1 of the Lair of Beasts
 14634 | Lair:1   | Noticed Gastronok
 14711 | Lair:1   | Killed Gastronok
 15359 | Lair:1   | Noticed Fannar
 15376 | Lair:1   | Killed Fannar
 15376 | Lair:1   | Reached skill level 1 in Unarmed Combat
 15376 | Lair:1   | Reached skill level 10 in Invocations
 15905 | Lair:2   | Gained Bladwarg as an ally
 15906 | Lair:2   | Reached XP level 12. HP: 34/108 MP: 19/19
 15907 | Lair:2   | Reached skill level 11 in Fighting
 16034 | Lair:2   | Noticed Terrapin's ghost (journeyman DrTm)
 16483 | Lair:2   | Killed Terrapin's ghost
 16614 | Lair:2   | Found a staircase to the Snake Pit.
 17732 | Lair:3   | Found a staircase to the Swamp.
 17769 | Lair:3   | Reached skill level 10 in Armour
 17800 | Lair:3   | Noticed an eight-headed hydra
 17809 | Lair:3   | Killed a seven-headed hydra
 17809 | Lair:3   | Gained Morbeogh as an ally
 17813 | Lair:3   | Gained Brunolf as an ally
 18492 | Lair:3   | You fall through a shaft for 3 floors!
 18492 | Lair:6   | Entered Level 6 of the Lair of Beasts
 18852 | Lair:4   | Noticed a five-headed hydra
 18855 | Lair:4   | Killed a three-headed hydra
 18905 | Lair:4   | Reached skill level 5 in Unarmed Combat
 18911 | Lair:4   | Reached skill level 12 in Fighting
 18956 | Lair:4   | Noticed Nessos
 18964 | Lair:4   | Killed Nessos
 18964 | Lair:4   | Reached XP level 13. HP: 32/118 MP: 11/21
 19976 | Lair:5   | Gained Bogmar as an ally
 19993 | Lair:5   | Your ally Bladwarg died
 20780 | Lair:5   | Found the +4 skin of Zhor {rC+++}
 21869 | Lair:6   | Found a blossoming altar of Fedhas.
 22281 | Lair:6   | Reached skill level 13 in Fighting
 22382 | Lair:6   | Reached XP level 14. HP: 76/129 MP: 16/23
 24393 | D:10     | Entered Level 10 of the Dungeon
 24957 | D:10     | Noticed FangTR18's ghost (novice GrEE)
 24980 | D:10     | Killed FangTR18's ghost
 25118 | D:11     | Noticed Getoffmy's ghost (journeyman MiFi)
 25134 | D:11     | Killed Getoffmy's ghost
 25427 | D:11     | Noticed jejorda2's ghost (journeyman HOFi)
 25443 | D:11     | Killed jejorda2's ghost
 25893 | D:11     | Found a staircase to the Orcish Mines.
 25949 | D:11     | Noticed grandjackal's ghost (journeyman DsGl)
 25959 | D:11     | Killed grandjackal's ghost
 25959 | D:11     | Reached skill level 15 in Axes
 26205 | D:11     | Noticed arthad's ghost (journeyman GnFi)
 26219 | D:11     | Killed arthad's ghost
 26219 | D:11     | Gained Bogrim as an ally
 26698 | D:13     | Found a gate to the Vaults.
 26698 | D:13     | Noticed Rupert
 26746 | D:13     | Your ally Morbeogh died
 26754 | D:13     | Killed Rupert
 26754 | D:13     | Reached skill level 14 in Fighting
 26764 | D:13     | Your ally Bogrim died
 27486 | D:13     | Gained Bogwik as an ally
 27832 | D:13     | Found Kazihatu's Antique Armour Shoppe.
 27894 | D:13     | Reached XP level 15. HP: 124/138 MP: 25/25
 27906 | D:13     | Your ally Bogwik died
 28683 | D:14     | Found a labyrinth entrance.
 28692 | Lab      | Entered a labyrinth
 33229 | D:14     | Found Gosofoaze's General Store.
 33233 | D:14     | Bought a scroll of fear for 52 gold pieces
 33233 | D:14     | Bought a scroll of enchant armour for 112 gold pieces
 33834 | D:14     | Reached skill level 15 in Invocations
 34767 | D:15     | Entered Level 15 of the Dungeon
 34811 | D:15     | Reached skill level 15 in Fighting
 34812 | D:15     | Found a staircase to the Depths.
 36107 | Snake:1  | Entered Level 1 of the Snake Pit
 36641 | Snake:1  | Reached skill level 1 in Evocations
 36644 | Snake:1  | Gained Boghold as an ally
 36654 | Snake:1  | Gained Bogric as an ally
 37953 | Snake:1  | Found a shimmering altar of Xom.
 37994 | Snake:2  | Reached XP level 16. HP: 144/149 MP: 17/27
 38144 | Snake:2  | Noticed Azrael
 38153 | Snake:2  | Killed Azrael
 38292 | Snake:2  | Noticed Kirke
 38305 | Snake:2  | Killed Kirke
 39240 | Snake:3  | Your ally Boghold died
 39913 | Snake:3  | Reached skill level 16 in Fighting
 40305 | Snake:3  | Found Abaj's Armour Boutique.
 40358 | Snake:3  | Found a shattered altar of Ashenzari.
 40383 | Snake:3  | Noticed a nagaraja
 40391 | Snake:3  | Killed a nagaraja
 40651 | Snake:4  | Entered Level 4 of the Snake Pit
 41126 | Snake:4  | Noticed a nagaraja
 41129 | Snake:4  | Noticed Vashnia
 41522 | Snake:4  | Noticed Aizul
 41523 | Snake:4  | Killed Vashnia
 41523 | Snake:4  | Reached skill level 5 in Evocations
 41984 | Snake:3  | Your ally Bogmar died
 42799 | Snake:4  | Killed a nagaraja
 42806 | Snake:4  | Killed Aizul
 43530 | Snake:4  | Noticed a nagaraja
 43530 | Snake:4  | Noticed Agnes
 43530 | Snake:4  | Noticed a nagaraja
 43802 | Snake:4  | Killed a nagaraja
 43921 | Snake:4  | Your ally Brunolf died
 43966 | Snake:4  | Killed Agnes
 44695 | Snake:4  | Noticed a nagaraja
 44700 | Snake:4  | Noticed a nagaraja
 44708 | Snake:4  | Noticed a nagaraja
 44708 | Snake:4  | Killed a nagaraja
 44708 | Snake:4  | Reached skill level 5 in Slings
 44708 | Snake:4  | Reached XP level 17. HP: 81/160 MP: 26/29
 45511 | Snake:4  | Reached skill level 17 in Fighting
 45549 | Snake:4  | Got a serpentine rune of Zot
 45843 | Swamp:1  | Entered Level 1 of the Swamp
 46616 | Swamp:1  | Identified a scroll of acquirement
 46617 | Swamp:1  | Found the +3 sling "Punk" {acid, rCorr}
 46912 | Swamp:1  | Noticed Frances
 46918 | Swamp:1  | Noticed Donald
 46925 | Swamp:1  | Killed Frances
 46935 | Swamp:1  | Killed Donald
 47784 | Swamp:2  | Noticed Louise
 48089 | Swamp:2  | Killed Louise
 49420 | Swamp:3  | Noticed Roxanne
 50115 | Swamp:4  | Entered Level 4 of the Swamp
 51288 | Swamp:4  | Your ally Bogric died
 51751 | Swamp:3  | Killed Roxanne
 52416 | Swamp:4  | Reached XP level 18. HP: 53/171 MP: 31/31
 53179 | Swamp:4  | Noticed a bone dragon
 53205 | Swamp:4  | Killed a bone dragon
 53965 | Swamp:4  | Got a decaying rune of Zot
 54011 | Swamp:4  | Reached skill level 18 in Fighting
 54226 | Vaults:1 | Entered Level 1 of the Vaults
 56497 | Vaults:1 | Gained Olfrun as an ally
 57865 | Vaults:2 | Reached skill level 19 in Fighting
 58184 | Vaults:2 | Noticed CanOfBees's ghost (adept GrFi)
 58201 | Vaults:2 | Killed CanOfBees's ghost
 58979 | Vaults:2 | Reached XP level 19. HP: 133/183 MP: 32/32
 58992 | Vaults:2 | Your ally Olfrun died
 60222 | Vaults:2 | Gained Wardok as an ally
 60222 | Vaults:2 | Gained Hilgar as an ally
 60229 | Vaults:2 | Gained Wargrak as an ally
 60816 | Orc:1    | Entered Level 1 of the Orcish Mines
 60829 | Orc:1    | Found a frozen archway.
 60867 | Orc:1    | Found a roughly hewn altar of Beogh.
 60948 | Orc:2    | Entered Level 2 of the Orcish Mines
 61023 | Orc:2    | Found Ejuzotach's Gadget Boutique.
 61025 | Orc:2    | Gained Wulfoc as an ally
 61109 | Orc:2    | Gained Marbaugh as an ally
 61167 | Orc:2    | Found Ocoufog's Book Boutique.
 61167 | Orc:2    | Found Poetied's Antique Armour Emporium.
 61669 | Orc:2    | Found a roughly hewn altar of Beogh.
 61679 | Orc:2    | Bought a wand of acid (7) for 242 gold pieces
 61679 | Orc:2    | Bought a wand of acid (3) for 154 gold pieces
 61723 | Orc:2    | Found Xipti's Magic Scroll Emporium.
 61731 | Orc:2    | Gained Bogfrid as an ally
 61757 | Orc:2    | Found a staircase to the Elven Halls.
 61935 | Orc:2    | Found an iron altar of Okawaru.
 62225 | Elf:1    | Entered Level 1 of the Elven Halls
 62233 | Elf:1    | Reached skill level 20 in Fighting
 63043 | Elf:1    | Identified the Compendium of Supportive Damage Dealing
 63442 | Elf:1    | Reached skill level 15 in Armour
 64351 | Elf:2    | Found Jouqif's Gadget Shop.
 64607 | Elf:2    | Your ally Wargrak died
 64639 | Elf:2    | Gained Ognian as an ally
 65442 | Elf:2    | Gained Orgrim as an ally
 65483 | Elf:2    | Found a runed gate.
 65483 | Elf:2    | Found a runed gate.
 65484 | Elf:2    | Found a runed gate.
 65820 | Elf:2    | Reached XP level 20. HP: 96/195 MP: 30/33
 66723 | Elf:2    | Your ally Ognian died
 68267 | Vaults:3 | Reached skill level 21 in Fighting
 71115 | Vaults:3 | Found a staircase to the Crypt.
 71115 | Vaults:3 | Found a basalt altar of Yredelemnul.
 71120 | Vaults:3 | Found an ancient bone altar of Kikubaaqudgha.
 71236 | D:13     | Bought a crystal plate armour for 2640 gold pieces
 72314 | Vaults:4 | Paralysed by a great orb of eyes for 5 turns
 73029 | Vaults:4 | Reached skill level 22 in Fighting
 73049 | Vaults:4 | Reached ****** piety under Beogh
 73052 | Vaults:4 | Gained Learuk as an ally
 73872 | Vaults:4 | Reached XP level 21. HP: 168/207 MP: 35/35
 74835 | Elf:3    | Entered Level 3 of the Elven Halls
 76383 | Elf:2    | Bought a wand of flame (26) for 168 gold pieces
 77499 | Elf:3    | Got a ring of the Octopus King
 77503 | Elf:3    | Identified a ring of the Octopus King {MP+9 AC+1 EV+1 Str+1 Int+1 Dex+1} (You took it off a deep elf elementalist on level 3 of the Elven Halls)
 78222 | Elf:3    | Reached skill level 23 in Fighting
 78260 | Elf:3    | Identified the Almanac of Mysticism
 78294 | Elf:3    | Identified the cursed +1 mace of the Visionary {elec, Str+7} (You took it off a deep elf annihilator on level 3 of the Elven Halls)
 79016 | Crypt:1  | Entered Level 1 of the Crypt
 80898 | Depths:1 | Entered Level 1 of the Depths
 81235 | Depths:1 | Found a gateway to Hell.
 81893 | Depths:1 | Found a one-way gate to the infinite horrors of the Abyss.
 82041 | Depths:1 | Reached XP level 22. HP: 186/222 MP: 36/36
 82378 | Depths:1 | Found a one-way gate leading to the halls of Pandemonium.
 82399 | Depths:1 | Found Bannudi's Gadget Boutique.
 82399 | Depths:1 | Found Nuemonwo's Jewellery Emporium.
 82400 | Depths:1 | Found Tiggu's Jewellery Emporium.
 82410 | Depths:1 | Bought an uncursed amulet of regeneration for 450 gold pieces
 83234 | Vaults:5 | Entered Level 5 of the Vaults
 83234 | Vaults:5 | Noticed Mara
 83235 | Vaults:5 | Noticed a golden dragon
 83776 | Vaults:4 | Reached skill level 24 in Fighting
 84063 | Vaults:5 | Noticed Jorgrun
 84437 | Vaults:5 | Killed Jorgrun
 84438 | Vaults:5 | Your ally Hilgar died
 84965 | Vaults:5 | Your ally Marbaugh died
 85354 | Vaults:5 | Your ally Wardok died
 85655 | Vaults:5 | Killed a golden dragon
 86670 | Vaults:5 | Noticed shitimlost's illusion
 86670 | Vaults:5 | Killed Mara
 87183 | Vaults:5 | Noticed an ancient lich
 87556 | Vaults:5 | Killed an ancient lich
 90061 | Vaults:5 | Reached skill level 25 in Fighting
 90177 | Vaults:5 | Reached XP level 23. HP: 195/234 MP: 37/37
 90690 | Vaults:5 | Reached skill level 5 in Dodging
 90732 | Vaults:5 | Noticed an ancient lich
 90745 | Vaults:5 | Killed an ancient lich
 91980 | Vaults:5 | Found Vuaqaidgh's General Store.
 91984 | Vaults:5 | Found Sixar's Antique Weapon Shoppe.
 92326 | Vaults:5 | Found Amezai's Jewellery Shoppe.
 92327 | Vaults:5 | Found Hedais's Antique Armour Boutique.
 92356 | Vaults:5 | Reached skill level 10 in Slings
 93106 | Vaults:5 | Got a silver rune of Zot
 94611 | Crypt:2  | Paralysed by a vampire knight for 5 turns
 95325 | Crypt:2  | Gained Koronagh as an ally
 96406 | Crypt:2  | Paralysed by a lich for 6 turns
 96413 | Crypt:2  | Reached skill level 26 in Fighting
 96668 | Crypt:2  | Identified the Tome of Darkness
 97179 | Depths:2 | Found a gateway to a ziggurat.
 97932 | Depths:2 | Noticed a juggernaut
 97939 | Depths:2 | Killed a juggernaut
 97939 | Depths:2 | Reached XP level 24. HP: 242/245 MP: 36/37
 98143 | Depths:2 | Found a shattered altar of Ashenzari.
 98158 | Depths:2 | Found Camerauwi's Changing Room.
 98613 | Depths:3 | Found a portal to a secret trove of treasure.
 98614 | Depths:3 | Your ally Koronagh died
 98615 | Depths:3 | Your ally Learuk died
 99048 | Depths:3 | Paralysed by something for 5 turns
 99562 | Depths:3 | Paralysed by a floating eye for 4 turns
 99611 | Depths:3 | Noticed a juggernaut
 99617 | Depths:3 | Your ally Orgrim died
 99618 | Depths:3 | Your ally Wulfoc died
 99996 | Depths:3 | Killed a juggernaut
101193 | Depths:3 | Found a burning altar of Makhleb.
101484 | Depths:3 | Reached skill level 27 in Fighting
101718 | Depths:3 | Found a burning altar of Makhleb.
101719 | Depths:3 | Found the cursed +14 obsidian axe {chop, +Fly SInv *Curse}
102250 | Depths:4 | Found a runed door.
102304 | Depths:4 | Identified the cursed +0 plate armour of Absence {Str+2 Int+2} (You found it on level 4 of the Depths)
102697 | Depths:4 | Reached XP level 25. HP: 184/257 MP: 37/37
102722 | Depths:4 | HP: 1/257 [frost giant/bolt of cold (34)]
104177 | Depths:4 | Identified the +0 pair of boots of the Big Bang {rC+} (You found it on level 4 of the Depths)
104942 | Depths:5 | Entered Level 5 of the Depths
105108 | Depths:5 | Found a flickering gateway to a bazaar.
105121 | Bazaar   | Entered a bazaar
105124 | Bazaar   | Found Teell's Distillery.
105140 | Bazaar   | Found Winigh's Magic Scroll Boutique.
105170 | Bazaar   | Found Qoel's Armour Shop.
105170 | Bazaar   | Found Ditefis's Weapon Boutique.
105209 | Bazaar   | Bought a potion of curing for 42 gold pieces
105209 | Bazaar   | Bought a potion of haste for 140 gold pieces
105209 | Bazaar   | Bought a potion of resistance for 140 gold pieces
105209 | Bazaar   | Bought a potion of might for 56 gold pieces
105209 | Bazaar   | Bought a potion of haste for 140 gold pieces
105226 | Bazaar   | Bought a scroll of holy word for 75 gold pieces
105226 | Bazaar   | Bought a scroll of teleportation for 30 gold pieces
105591 | Depths:5 | Found a gate to the Realm of Zot.
107701 | Crypt:3  | Entered Level 3 of the Crypt
109330 | Crypt:3  | Found a staircase to the Tomb.
110680 | Crypt:3  | Noticed a greater mummy
110685 | Crypt:3  | Killed a greater mummy
111609 | Crypt:3  | Identified the Grimoire of Darkness
111626 | Crypt:3  | Identified the Disquisition on Flight
112577 | Lair:6   | Found a staircase to the Slime Pits.
114104 | Zig:1    | Entered Level 1 of a ziggurat
114309 | Zig:2    | Entered Level 2 of a ziggurat
114318 | Zig:2    | Reached XP level 26. HP: 255/256 MP: 37/37
114339 | Zig:2    | Identified the +3 chain mail "Fetaph" {rC- rCorr Dex+3 SInv} (You found it on level 2 of a ziggurat)
114410 | Zig:3    | Entered Level 3 of a ziggurat
114582 | Zig:4    | Entered Level 4 of a ziggurat
114958 | Zig:5    | Entered Level 5 of a ziggurat
115338 | Zig:6    | Entered Level 6 of a ziggurat
115554 | Zig:7    | Entered Level 7 of a ziggurat
115559 | Zig:7    | Noticed a shard shrike
115561 | Zig:7    | Noticed a shard shrike
115565 | Zig:7    | Killed a shard shrike
115568 | Zig:7    | Killed a shard shrike
115608 | Zig:7    | Identified the Almanac of Feathery Cold
115974 | Zig:8    | Entered Level 8 of a ziggurat
116021 | Zig:8    | Gained Bogric as an ally
116051 | Zig:8    | Identified the ring "Vomp" {*Drain rPois MR+ AC+6} (You found it on level 8 of a ziggurat)
116170 | Zig:8    | Identified the Guide on Shape Shifting
116328 | Zig:9    | Entered Level 9 of a ziggurat
117029 | Zig:9    | Identified the ring "Dekoyhuxt" {+Fly rN+ Int+3} (You found it on level 9 of a ziggurat)
117154 | Depths:1 | Bought a wand of iceblast (11) for 225 gold pieces
117154 | Depths:1 | Bought a wand of acid (3) for 210 gold pieces
117424 | Elf:2    | Bought a wand of iceblast (10) for 168 gold pieces
117424 | Elf:2    | Bought a phantom mirror for 360 gold pieces
117796 | Zot:1    | Entered Level 1 of the Realm of Zot
117821 | Zot:1    | Your ally Bogric died
117870 | Zot:1    | Reached skill level 15 in Slings
119021 | Zot:1    | You fall through a shaft!
120130 | Zot:2    | Reached skill level 10 in Evocations
121232 | Zot:3    | Found a transporter.
121283 | Zot:3    | Reached XP level 27. HP: 242/263 MP: 37/37
121288 | Zot:3    | Found a transporter.
121289 | Zot:3    | Found the +0 mask of the Dragon {MR+ Slay+3 SInv}
121629 | Zot:3    | Found a transporter.
122091 | Zot:3    | Found a transporter.
122694 | Zot:3    | Noticed an orb of fire
122694 | Zot:3    | Noticed an orb of fire
122696 | Zot:3    | Noticed an ancient lich
122696 | Zot:3    | Noticed an ancient lich
122696 | Zot:3    | Noticed an orb of fire
122697 | Zot:3    | Noticed an ancient lich
122700 | Zot:3    | Noticed an ancient lich
122707 | Zot:3    | Gained mutation: Your spells are a little easier to cast, but a little less powerful. [an orb of fire]
122714 | Zot:3    | Killed an orb of fire
122714 | Zot:3    | Gained mutation: You are clumsy. (Dex -2) [an orb of fire]
122716 | Zot:3    | Your ally Bogfrid died
122720 | Zot:3    | Killed an ancient lich
123455 | Zot:4    | HP: 6/273 [deathcap/drain life[a curse toe] (18)]
124671 | Zot:5    | Entered Level 5 of the Realm of Zot
124912 | Zot:5    | Noticed an ancient lich
124920 | Zot:5    | Noticed an ancient lich
124924 | Zot:5    | Killed an ancient lich
124930 | Zot:5    | Noticed an ancient lich
124933 | Zot:5    | Killed an ancient lich
124935 | Zot:5    | Killed an ancient lich
125315 | Zot:5    | Noticed an orb of fire
125325 | Zot:5    | Gained mutation: You are occasionally teleported next to monsters. [an orb of fire]
125327 | Zot:5    | Gained mutation: Your spells are easier to cast, but less powerful. [an orb of fire]
125329 | Zot:5    | Killed an orb of fire
125747 | Lair:1   | Lost mutation: You have a pair of small horns on your head. [potion of mutation]
125747 | Lair:1   | Lost mutation: You occasionally shout uncontrollably at your foes. [potion of mutation]
125747 | Lair:1   | Lost mutation: You are clumsy. (Dex -2) [potion of mutation]
125747 | Lair:1   | Lost mutation: Your spells are easier to cast, but less powerful. [potion of mutation]
125747 | Lair:1   | Gained mutation: You do not regenerate when monsters are visible. [potion of mutation]
125747 | Lair:1   | Gained mutation: You have very sharp teeth. [potion of mutation]
126138 | Zot:2    | Lost mutation: Your spells are a little easier to cast, but a little less powerful. [potion of mutation]
126138 | Zot:2    | Lost mutation: You are partially covered in yellow scales. (AC +2) [potion of mutation]
126138 | Zot:2    | Lost mutation: You do not regenerate when monsters are visible. [potion of mutation]
126138 | Zot:2    | Lost mutation: You are occasionally teleported next to monsters. [potion of mutation]
126138 | Zot:2    | Gained mutation: Armour fits poorly on your strangely shaped body. [potion of mutation]
126138 | Zot:2    | Gained mutation: You are occasionally teleported next to monsters. [potion of mutation]
126138 | Zot:2    | Gained mutation: You have a pair of small horns on your head. [potion of mutation]
126551 | Vaults:5 | Lost mutation: Armour fits poorly on your strangely shaped body. [potion of mutation]
126551 | Vaults:5 | Lost mutation: You have a pair of small horns on your head. [potion of mutation]
126551 | Vaults:5 | Lost mutation: You are occasionally teleported next to monsters. [potion of mutation]
126551 | Vaults:5 | Gained mutation: You have supernaturally acute eyesight. (SInv) [potion of mutation]
126551 | Vaults:5 | Gained mutation: You are partially covered in yellow scales. (AC +2) [potion of mutation]
126551 | Vaults:5 | Gained mutation: Your flesh is cold resistant. (rC+) [potion of mutation]
126551 | Vaults:5 | Gained mutation: You are partially covered in iridescent scales. (AC +2) [potion of mutation]
126992 | Zot:5    | Noticed an ancient lich
127001 | Zot:5    | Killed an ancient lich
127001 | Zot:5    | Reached skill level 10 in Dodging
127042 | Zot:5    | Noticed an ancient lich
127054 | Zot:5    | Killed an ancient lich
127272 | Zot:5    | Noticed an orb of fire
127323 | Zot:5    | Noticed an ancient lich
127332 | Zot:5    | Killed an ancient lich
127379 | Zot:5    | HP: 8/273 [orb of fire/bolt of fire (18)]
127382 | Zot:5    | Gained mutation: You are weak. (Str -2) [an orb of fire]
127386 | Zot:5    | Killed from afar by an orb of fire

Vault maps used:
D:1:      dpeg_arrival_connections, nrook_uturn
D:2:      minivault_19, bloody_trog
D:3:      uniq_sigmund
D:4:      uniq_grinder, uniq_eustachio
D:5:      minmay_temple_entry_overgrown, gup_sewer_entry_glass, first_ration,
          kennysheep_dice
D:6:      cheibrodos_thug_alley, palyth_stone_intersect, uniq_pikel
D:7:      serial_shops, nicolae_shop_behind_doors, grunt_livestock, uniq_joseph,
          uniq_prince_ribbit1
D:8:      serial_shops, shop, serial_ice, serial_ice_j, serial_ice_c,
          serial_ice_h, serial_ice_e, serial_ice_o, serial_ice_d, serial_ice_a,
          enter_ossuary_2, uniq_grum, uniq_maurice
D:9:      makhleb_blood_cavern_becter, david_lair_shrubbed, basic_altar,
          trog_three_pillars_becter
D:10:     nooodl_food_tri
D:11:     hiddenorc1_lemuel
D:12:     kennysheep_funnel, serial_shops,
          nicolae_shop_competitors_out_of_business, grunt_decor_arrowhead
D:13:     david_vaults_3, serial_shops, shop, argonaut_gorgonesque
D:14:     minmay_misc_feat_nine_boxes, serial_shops, shop_statue,
          lab_entry_generic
D:15:     gammafunk_depths_entry_grave, nrook_mini_vaults, hex_large
Lair:1:   infiniplex_staircase_pool_2, uniq_gastronok, uniq_fannar
Lair:2:   minmay_snake_entry_guardpost_small, minivault_11, lemuel_old_faithful,
          lemuel_fruit_tree, grunt_megastairs_4
Lair:3:   minmay_swamp_entry_swarm
Lair:4:   grunt_megastairs_3, serial_bayou_shore_a, uniq_nessos
Lair:6:   grunt_lair_end_beastmaster, nicolae_slime_entry_slimehenge,
          basic_altar, serial_bayou_lake_a
Swamp:1:  evilmike_swamp_ruin_rubble_1, uniq_donald, uniq_frances
Swamp:2:  evilmike_swamp_ruin_house_5, infiniplex_staircase_pool, uniq_louise
Swamp:3:  nicolae_swamp_feature_on_the_river_bank, swamp_pool3, ldierk_geyser,
          uniq_roxanne
Swamp:4:  swamp_pestilence
Snake:1:  basic_altar, minmay_snake_pond
Snake:2:  uniq_azrael, uniq_kirke
Snake:3:  serial_shops, shop, basic_altar
Snake:4:  snake_pit, uniq_aizul, uniq_agnes, uniq_vashnia
Orc:1:    portal_ice_cave_entry_pillars_1, basic_altar
Orc:2:    st_orc_town, okawaru_metal_pillars_1_2
Elf:1:    eino_elf_arrival_sip, minmay_elf_sorcery
Elf:2:    serial_shops, shop
Elf:3:    elf_hall_gauntlet_wide
Vaults:1: v_misc_4, vaults_mumra_minichess, hangedman_vaults_pinch, v_misc_5,
          grunt_vaults_diagonal, dpeg_vaults_monster_box,
          hangedman_vaults_impose, nicolae_vaults_little_ls,
          nicolae_vaults_bisected_exclaves, vaults_mumra_lcd,
          portal_desolation_entry_nicolae_slug
Vaults:2: hangedman_vaults_restitches, hangedman_vaults_nails,
          vaults_room_pools, grunt_vaults_twisty, v_misc_27,
          ontoclasm_vaults_shuriken, v_misc_30, v_rooms_5,
          ontoclasm_vaults_ring_small, ontoclasm_vaults_decontamination,
          vaults_room_pools
Vaults:3: minmay_crypt_entry_necro_gods, vaults_standard_mumra_lines,
          nicolae_vaults_theta, vaults_room_large_hall, ontoclasm_vaults_hangar,
          ontoclasm_vaults_gateway, ontoclasm_vaults_eye,
          nicolae_vaults_alarming, nicolae_vaults_network_quinsquares,
          ontoclasm_vaults_ring_small, vaults_standard_mumra_enter_the_diamond
Vaults:4: vaults_standard_mumra_enter_the_diamond, ontoclasm_vaults_ligature,
          vaults_standard_mumra_enter_the_diamond, v_misc_11,
          hangedman_vaults_unwind, nicolae_vaults_rhombus_6,
          nicolae_vaults_little_squares_6, vaults_room_hallway,
          nicolae_vaults_shelves_hall
Vaults:5: serial_shops, uniq_jorgrun, uniq_mara
Crypt:1:  grunt_crypt_arrival_guarded_gate
Crypt:2:  statuecave_lemuel, special_room, hex_medium, grunt_ministairs_15,
          st_stairs_10, minivault_4, minmay_misc_feat_rows
Crypt:3:  due_elkab, tomb_entry_simple_bobbens
Depths:1: pan_entry, minmay_stone_trees_medium, abyss_entry_crystal, hell_entry,
          serial_bayou_pond_c, minivault_12, grunt_megastairs_1, firewood_loft,
          minmay_shop_grove, infiniplex_staircase_pool_lava
Depths:2: kennysheep_blocky_room, enter_ziggurat_a, grunt_hell_entry_dis_mu,
          ashenzari_altar_1, nicolae_transmutations_shop
Depths:3: minmay_heptahexagon, enter_trove_1, rand_demon_pan_entry_4,
          hell_entry, minmay_misc_feat_ornament,
          grunt_guarded_unrand_obsidian_axe
Depths:4: minmay_gate_of_8, grunt_hell_entry_demonic_statue, abyss_entry,
          minivault_14, grunt_pan_entry_zigzag
Depths:5: grunt_zot_entry_hairpin, serial_shops, bzr_entry_water, abyss_entry,
          hell_entry
Zot:3:    gammafunk_dig_for_victory, chequers_guarded_unrand_mask_of_the_dragon
Zig:9:    ziggurat_pillar_centre_oklobs
Lab:      labyrinth_spiral, nicolae_lab_flowing_pool, nicolae_lab_grate_2,
          nicolae_lab_garden
Bazaar:   bazaar_jpeg_honeycomb
Sewer:    sewer_co_tree
Ossuary:  ossuary_due_pyramid

Skill      XL: |  1  2  3  4  5  6  7  8  9 10 11 12 13 14 15 16 17 18 19 20 21 22 23 24 25 26 27 |
---------------+----------------------------------------------------------------------------------+-----
Throwing       | 2 3 4 |  4.1
Fighting       | 3 4 5 6 7 9 10 12 13 14 15 16 17 19 20 22 23 25 26 27 | 27.0
Dodging        | 3 4 6 7 11 | 11.1
Axes           | 5 6 7 9 10 12 13 14 15 16 17 18 19 20 21 22 23 25 26 | 26.0
Armour         | 1 2 3 4 6 7 9 10 11 12 14 15 16 17 18 19 | 19.1
Slings         | 3 4 5 7 8 9 10 12 14 15 | 15.1
Invocations    | 2 5 8 10 11 13 14 15 17 18 19 20 21 24 | 24.6
Unarmed Combat | 2 5 7 8 |  8.4
Evocations     | 2 6 8 11 14 | 14.4

Action                   |  1- 3 |  4- 6 |  7- 9 | 10-12 | 13-15 | 16-18 | 19-21 | 22-24 | 25-27 || total
-------------------------+-------+-------+-------+-------+-------+-------+-------+-------+-------++-------
Melee: War axe           |    73 |   133 |   430 |   562 |   439 |    47 |       |       |       ||  1684
       Headbutt          |       |    16 |    69 |   106 |   181 |   272 |   279 |   255 |   272 ||  1450
       Punch             |       |       |       |     2 |     9 |     5 |       |       |       ||    16
       Battleaxe         |       |       |       |       |   312 |   937 |   375 |       |       ||  1624
       Executioner's axe |       |       |       |       |       |       |   545 |   690 |   881 ||  2116
       Bite              |       |       |       |       |       |       |       |       |    14 ||    14
 Fire: Hunting sling     |       |       |     4 |    20 |     1 |    91 |       |       |       ||   116
       Fustibalus        |       |       |       |       |       |    52 |   231 |   208 |   310 ||   801
Throw: Throwing net      |     4 |     3 |     5 |     4 |     4 |       |       |       |       ||    20
       Stone             |     1 |       |       |       |       |       |       |       |       ||     1
       Tomahawk          |       |       |       |       |       |    26 |     4 |       |       ||    30
       Javelin           |       |       |       |       |       |    14 |     3 |    13 |     6 ||    36
Invok: Convert to Beogh  |       |       |     1 |       |       |       |       |       |       ||     1
       Smiting           |       |       |       |    12 |    30 |    40 |    35 |    42 |    67 ||   226
       Recall Orcish Fol |       |       |       |     3 |     9 |    12 |     7 |    23 |    10 ||    64
       Give Item to Name |       |       |       |       |     6 |       |     3 |     1 |       ||    10
       Stop Recall       |       |       |       |       |       |       |     2 |     1 |       ||     3
 Abil: Evoke Flight      |       |       |       |       |       |     2 |       |       |       ||     2
Evoke: Wand              |       |       |     4 |     8 |     5 |    19 |     9 |    20 |    17 ||    82
       Lamp of fire      |       |       |       |       |       |     4 |     3 |       |     1 ||     8
       Phial of floods   |       |       |       |       |       |     1 |     1 |       |     1 ||     3
       Lightning rod     |       |       |       |       |       |       |       |     2 |     4 ||     6
  Use: Scroll            |     1 |     8 |     5 |    14 |    13 |    19 |    10 |    18 |    37 ||   125
       Potion            |       |     6 |     1 |     1 |     7 |    19 |       |     9 |    16 ||    59
 Stab: Held in net/web   |       |       |     1 |       |     3 |       |       |       |       ||     4
       Paralysed         |       |       |     6 |     2 |     7 |       |     3 |     3 |     1 ||    22
       Distracted        |       |       |       |     2 |     7 |     7 |     6 |     8 |     6 ||    36
       Confused          |       |       |       |     1 |       |       |       |       |       ||     1
       Petrified         |       |       |       |       |    20 |       |       |       |       ||    20
       Invisible         |       |       |       |       |       |       |       |       |     1 ||     1
  Eat: Chunk             |     1 |     3 |    11 |    14 |    15 |     6 |    13 |     4 |     7 ||    74
       Ration            |     1 |     2 |     2 |     4 |    16 |    18 |    18 |    18 |    21 ||   100
Armor: Leather armour    |    28 |    30 |       |       |       |       |       |       |       ||    58
       Scale mail        |       |    22 |   150 |    70 |       |       |       |       |       ||   242
       Chain mail        |       |       |       |   214 |   398 |       |       |       |       ||   612
       Plate armour      |       |       |       |       |    98 |   834 |   358 |       |       ||  1290
       Crystal plate arm |       |       |       |       |       |       |   438 |   756 |   792 ||  1986
Dodge: Dodged            |    47 |    86 |   242 |   309 |   341 |   518 |   419 |   397 |   455 ||  2814
       Deflected         |       |       |       |       |       |       |       |    15 |    30 ||    45

Table legend:
 A = Spawn XP
 B = Non-spawn XP
 C = Spawn XP percentage of total XP
 D = Spawn monster count
 E = Non-spawn monster count
 F = Spawn count percentage of total count
 G = Total turns spent on level
                    A         B        C        D         E        F      G
               +---------+---------+-------+---------+---------+-------+---------
         Total |       0 | 1468431 |   0.0 |       0 |    2417 |   0.0 | 127386
               +---------+---------+-------+---------+---------+-------+---------
           D:1 |       0 |      21 |   0.0 |       0 |      12 |   0.0 |   825
           D:2 |       0 |      86 |   0.0 |       0 |      19 |   0.0 |  2127
           D:3 |       0 |     475 |   0.0 |       0 |      28 |   0.0 |  2504
           D:4 |       0 |     918 |   0.0 |       0 |      24 |   0.0 |  1127
           D:5 |       0 |     832 |   0.0 |       0 |      31 |   0.0 |  1104
           D:6 |       0 |    1820 |   0.0 |       0 |      45 |   0.0 |  1267
           D:7 |       0 |    2662 |   0.0 |       0 |      26 |   0.0 |  1557
           D:8 |       0 |    4645 |   0.0 |       0 |      65 |   0.0 |  1418
           D:9 |       0 |    1876 |   0.0 |       0 |      26 |   0.0 |  1746
          D:10 |       0 |    2859 |   0.0 |       0 |      22 |   0.0 |  1252
          D:11 |       0 |    5147 |   0.0 |       0 |      34 |   0.0 |  1661
          D:12 |       0 |    1213 |   0.0 |       0 |       2 |   0.0 |   664
          D:13 |       0 |   16258 |   0.0 |       0 |      47 |   0.0 |  2189
          D:14 |       0 |   13388 |   0.0 |       0 |      43 |   0.0 |  2243
          D:15 |       0 |    7895 |   0.0 |       0 |      20 |   0.0 |  1318
        Lair:1 |       0 |    3418 |   0.0 |       0 |       8 |   0.0 |  2108
        Lair:2 |       0 |    4584 |   0.0 |       0 |      21 |   0.0 |  1818
        Lair:3 |       0 |    7661 |   0.0 |       0 |      24 |   0.0 |  1413
        Lair:4 |       0 |    7824 |   0.0 |       0 |      33 |   0.0 |  1510
        Lair:5 |       0 |    8126 |   0.0 |       0 |      34 |   0.0 |  1234
        Lair:6 |       0 |   19514 |   0.0 |       0 |      75 |   0.0 |  3169
       Swamp:1 |       0 |   15051 |   0.0 |       0 |      33 |   0.0 |  2696
       Swamp:2 |       0 |    3759 |   0.0 |       0 |      10 |   0.0 |   714
       Swamp:3 |       0 |   15568 |   0.0 |       0 |      40 |   0.0 |  2127
       Swamp:4 |       0 |   20282 |   0.0 |       0 |      72 |   0.0 |  2684
       Snake:1 |       0 |   14503 |   0.0 |       0 |      53 |   0.0 |  1558
       Snake:2 |       0 |   10266 |   0.0 |       0 |      30 |   0.0 |  1589
       Snake:3 |       0 |   13169 |   0.0 |       0 |      31 |   0.0 |  3082
       Snake:4 |       0 |   46230 |   0.0 |       0 |      72 |   0.0 |  3077
         Orc:1 |       0 |     658 |   0.0 |       0 |       2 |   0.0 |   381
         Orc:2 |       0 |    6781 |   0.0 |       0 |      45 |   0.0 |  1233
         Elf:1 |       0 |   27369 |   0.0 |       0 |      48 |   0.0 |  2580
         Elf:2 |       0 |   29199 |   0.0 |       0 |      55 |   0.0 |  2793
         Elf:3 |       0 |   50632 |   0.0 |       0 |      50 |   0.0 |  3892
      Vaults:1 |       0 |   37607 |   0.0 |       0 |      57 |   0.0 |  3304
      Vaults:2 |       0 |   58941 |   0.0 |       0 |      86 |   0.0 |  4518
      Vaults:3 |       0 |   58432 |   0.0 |       0 |      96 |   0.0 |  4392
      Vaults:4 |       0 |   73080 |   0.0 |       0 |      86 |   0.0 | 10632
      Vaults:5 |       0 |  122938 |   0.0 |       0 |     102 |   0.0 |  2403
       Crypt:1 |       0 |   18652 |   0.0 |       0 |      37 |   0.0 |  2687
       Crypt:2 |       0 |   42785 |   0.0 |       0 |      79 |   0.0 |  3202
       Crypt:3 |       0 |   57389 |   0.0 |       0 |     106 |   0.0 |  2808
      Depths:1 |       0 |   33075 |   0.0 |       0 |      45 |   0.0 |  3042
      Depths:2 |       0 |   42633 |   0.0 |       0 |      47 |   0.0 |  2934
      Depths:3 |       0 |   70980 |   0.0 |       0 |      86 |   0.0 |  2594
      Depths:4 |       0 |   61958 |   0.0 |       0 |      80 |   0.0 |  2411
      Depths:5 |       0 |   57189 |   0.0 |       0 |      49 |   0.0 |  2679
         Zot:1 |       0 |   30107 |   0.0 |       0 |      22 |   0.0 |  1836
         Zot:2 |       0 |   34966 |   0.0 |       0 |      25 |   0.0 |  1693
         Zot:3 |       0 |   71365 |   0.0 |       0 |      37 |   0.0 |  2182
         Zot:4 |       0 |   39547 |   0.0 |       0 |      18 |   0.0 |  1456
         Zot:5 |       0 |  117801 |   0.0 |       0 |      34 |   0.0 |  1112
         Zig:1 |       0 |     347 |   0.0 |       0 |       1 |   0.0 |   205
         Zig:2 |       0 |    1806 |   0.0 |       0 |       3 |   0.0 |   101
         Zig:3 |       0 |    3761 |   0.0 |       0 |       3 |   0.0 |   172
         Zig:4 |       0 |    7806 |   0.0 |       0 |       4 |   0.0 |   376
         Zig:5 |       0 |    8118 |   0.0 |       0 |       5 |   0.0 |   380
         Zig:6 |       0 |    4532 |   0.0 |       0 |      12 |   0.0 |   216
         Zig:7 |       0 |   14449 |   0.0 |       0 |       8 |   0.0 |   420
         Zig:8 |       0 |   13700 |   0.0 |       0 |      14 |   0.0 |   354
         Zig:9 |       0 |   15309 |   0.0 |       0 |      30 |   0.0 |   723
           Lab |       0 |    4007 |   0.0 |       0 |      10 |   0.0 |  4380
         Sewer |       0 |     396 |   0.0 |       0 |      28 |   0.0 |  1071
       Ossuary |       0 |      66 |   0.0 |       0 |      27 |   0.0 |   289
               +---------+---------+-------+---------+---------+-------+---------
